 Dungeon Crawl Stone Soup version 0.24.0-13-gcf9b3192b9 (webtiles) character file.

Game seed: 16200821564374051514, levelgen mode: deterministic

212615 Quickbrownfox the Basher (level 18, -8/202 HPs)
             Began as a Purple Draconian Skald on Nov 5, 2019.
             Was the Champion of Qazlal.
             Mangled by a tentacled starspawn (22 damage)
             ... on level 5 of the Abyss on Nov 6, 2019.
             The game lasted 05:55:48 (36812 turns).

Quickbrownfox the Basher (Purple Draconian Skald)  Turns: 36812, Time: 05:55:49

Health: -8/202     AC: 32    Str: 23    XL:     18   Next: 62%
Magic:  32/42      EV:  2    Int: 21    God:    Qazlal [******]
Gold:   1637       SH: 21    Dex: 15    Spells: 10/39 levels left

rFire    + + .     SeeInvis .   L - +10 mace of the Reaper {elec, Int+6}
rCold    + . .     Gourm    .   s - +0 shield
rNeg     + + +     Faith    .   (armour unavailable)
rPois    +         Spirit   .   (helmet currently unavailable)
rElec    +         Reflect  .   (cloak currently unavailable)
rCorr    +         Harm     .   (gloves currently unavailable)
MR       +....     NoTele   +   (boots currently unavailable)
Stlth    +.........             M - amulet of Vitality {Regen+ HP+15}
HPRegen  2.23/turn              W - +4 ring of evasion
MPRegen  0.28/turn              h - ring of Sin {rPois rF+ MR- MP+9}

@: mighty, tree-form (expiring), resistant, protected from physical damage, very
slightly contaminated, regenerating, repel missiles
A: (breathe power), unfitting armour, agile 1, frail 2, regeneration 1,
MP-powered wands, AC +10
a: Upheaval, Elemental Force, Disaster Area, Renounce Religion


You were on level 5 of the Abyss.
You worshipped Qazlal.
Qazlal was exalted by your worship.
You were not hungry.
You were a tree.
You visited 8 branches of the dungeon, and saw 32 of its levels.
You visited the Abyss 1 time.
You also visited: Volcano.

You collected 3489 gold pieces.
You spent 1852 gold pieces at shops.

Inventory:

Hand Weapons
 D - a +4 broad axe of draining
 L - the +10 mace of the Reaper (weapon) {elec, Int+6}
   (You found it on level 7 of the Dungeon)

   Occasionally, upon striking a foe, it will discharge some electrical energy
   and cause terrible harm.
   It affects your intelligence (+6).
 Q - the +8 flail of Lies {venom, rF- rC+ Dex+6}
   (You found it on level 8 of the Dungeon)

   It poisons the flesh of those it strikes.
   It affects your dexterity (+6).
   It makes you vulnerable to fire.
   It protects you from cold.
 U - a +2 antimagic war axe
Missiles
 a - 27 boomerangs (quivered)
 x - 3 silver boomerangs
Armour
 s - a +0 shield (worn)
 z - a +2 pair of gloves (melded)
 J - a +2 pair of boots (melded)
 R - a scarf of resistance (melded)
 S - the +0 hat of Ryurasui (melded) {Str+3}
   (You found it on level 2 of the Lair of Beasts)

   It affects your strength (+3).
Jewellery
 h - the ring of Sin (right branch) {rPois rF+ MR- MP+9}
   (You bought it in a shop on level 7 of the Dungeon)

   [ring of magical power]

   It protects you from fire.
   It protects you from poison.
   It affects your resistance to hostile enchantments.
   It affects your magic capacity (+9).
 M - the amulet of Vitality (around neck) {Regen+ HP+15}
   (You found it on level 6 of the Lair of Beasts)

   [amulet of regeneration]

   It affects your health (+15).
   It increases your rate of regeneration.
 O - an uncursed ring of protection from cold
 W - a +4 ring of evasion (left branch)
Wands
 k - a wand of paralysis (12)
 p - a wand of acid (1)
 v - a wand of polymorph (17)
 F - a wand of random effects (57)
 G - a wand of flame (101)
 K - a wand of disintegration (1)
 Z - a wand of iceblast (6)
Scrolls
 b - 15 scrolls of remove curse
 d - 4 scrolls of fog
 m - a scroll of identify
 n - 2 scrolls of fear
 o - 3 scrolls of magic mapping
 r - a scroll of amnesia
 u - 3 scrolls of summoning
 y - 7 scrolls of teleportation
 H - 3 scrolls of enchant armour
 N - a scroll of holy word
Potions
 e - 9 potions of haste
 f - 2 potions of agility
 g - 3 potions of magic
 i - a potion of might
 j - 4 potions of flight
 q - 3 potions of resistance
 w - 3 potions of brilliance
 A - 5 potions of lignification
 B - a potion of cancellation
 C - a potion of mutation
 I - 2 potions of invisibility
 P - 3 potions of curing
Miscellaneous
 l - a lamp of fire
 V - a sack of spiders
Comestibles
 c - 34 rations


   Skills:
 + Level 11.5 Fighting
 + Level 11.7(13.9) Axes
 + Level 12.7(14.4) Maces & Flails
 + Level 4.1 Throwing
 + Level 11.8 Dodging
 + Level 4.6 Stealth
 + Level 12.6 Shields
 + Level 11.4 Spellcasting
 + Level 6.1 Conjurations
 + Level 3.4 Hexes
 + Level 11.4 Charms
 + Level 3.5 Necromancy
 + Level 4.8 Translocations
 + Level 7.9 Fire Magic
 + Level 0.9 Air Magic
 + Level 6.0 Invocations
 + Level 3.9 Evocations


You had 10 spell levels left.
You knew the following spells:

 Your Spells              Type           Power        Failure   Level  Hunger
a - Infusion              Chrm           ####         1%          1    None
b - Song of Slaying       Chrm           ######..     1%          2    None
c - Shroud of Golubria    Chrm/Tloc      #####.       1%          2    None
d - Spectral Weapon       Hex/Chrm       #####...     1%          3    None
e - Regeneration          Chrm/Necr      #####.....   1%          3    None
f - Throw Flame           Conj/Fire      #####.       1%          2    None
g - Static Discharge      Conj/Air       ####....     5%          3    None
h - Iskenderun's Mystic   Conj           #####...     6%          4    #......
i - Fireball              Conj/Fire      #####.....   12%         5    ####...
j - Force Lance           Conj/Tloc      #####...     8%          4    #......

Your spell library contained the following spells:

 Spells                   Type           Power        Failure   Level  Hunger
 Flame Tongue             Conj/Fire      #####        1%          1    None
 Magic Dart               Conj           ####         1%          1    None
 Blink                    Tloc           N/A          1%          2    None
 Searing Ray              Conj           #####.       1%          2    None
 Conjure Flame            Conj/Fire      #####...     1%          3    None
 Ozocubu's Armour         Chrm/Ice       #####...     1%          3    None
 Slow                     Hex            ####....     2%          2    None
 Inner Flame              Hex/Fire       #####...     2%          3    None
 Throw Frost              Conj/Ice       ###...       3%          2    None
 Dazzling Spray           Conj/Hex       ####..       3%          3    None
 Sticky Flame             Conj/Fire      #####...     4%          4    #......
 Stone Arrow              Conj/Erth      ###...       6%          3    None
 Freeze                   Ice            ##..         8%          1    None
 Sandblast                Erth           ##....       8%          1    None
 Summon Small Mammal      Summ           ##..         8%          1    None
 Mephitic Cloud           Conj/Pois/Air  ###.....     9%          3    None
 Poisonous Vapours        Pois/Air       ##....       10%         2    None
 Call Imp                 Summ           ##......     11%         2    None
 Passwall                 Tmut/Erth      ##......     11%         2    None
 Summon Guardian Golem    Hex/Summ       ###.....     11%         3    None
 Fulminant Prism          Conj/Hex       ####......   11%         4    #......
 Throw Icicle             Conj/Ice       ###.....     21%         4    #......
 Call Canine Familiar     Summ           ##......     22%         3    None
 Lightning Bolt           Conj/Air       ####......   43%         5    ####...
 Irradiate                Conj/Tmut      ###.......   50%         5    ####...
 Summon Lightning Spire   Summ/Air       ##......     52%         4    #......
 Olgreb's Toxic Radiance  Pois           ##......     58%         4    #......
 Petrify                  Tmut/Erth      ##......     58%         4    #......
 Summon Ice Beast         Ice/Summ       ##......     58%         4    #......
 Lee's Rapid Deconstruct  Erth           ##........   90%         5    ####...
 Orb of Destruction       Conj           #####.....   99%         7    #######
 Statue Form              Tmut/Erth      ##.......    100%        6    ######.
 Dragon Form              Tmut           ##........   100%        7    #######
 Spellforged Servitor     Conj/Summ      ###.......   100%        7    #######


Dungeon Overview and Level Annotations

Branches:
Dungeon (15/15)            Temple (1/1) D:6            Lair (6/6) D:11
 Shoals (2/4) Lair:2        Snake (3/4) Lair:4        Slime (0/5) Lair:5
    Orc (2/2) D:11            Elf (2/3) Orc:2        Vaults (0/5) D:13
 Depths (1/5) D:15        Volcano (visited)

Altars:
Ashenzari
Cheibriados
Dithmenos
Elyvilon
Fedhas
Gozag
Hepliaklqana
Kikubaaqudgha
Makhleb
Nemelex Xobeh
Okawaru
Qazlal
Ru
Sif Muna
Trog
Uskayaw
Vehumet
Wu Jian
Xom
Yredelemnul
Zin
The Shining One
Beogh

Shops:
D:7 [=?}*   Orc:2 ([!*

Portals:
Trove: D:11 (give +6 demon trident)

Annotations:
D:14 Roxanne
Lair:4 exclusion: oklob plant
Shoals:2 Ilsuiw, Louise
Snake:2 Mara
Depths:1 exclusion: obsidian statue


Innate Abilities, Weirdness & Mutations

((You can breathe bolts of dispelling energy.))
((Your rich purple scales are hard. (AC +10)))
You cannot fit into any form of body armour.
((You are cold-blooded and may be slowed by cold attacks.))
((You have large cloven feet.))
You are agile. (Dex +2)
You are very frail. (-20% HP)
Your natural rate of healing is unusually fast.
You expend magic power (3 MP) to strengthen your wands.


Message History

As you read the scroll of fear, it crumbles to dust.
You assume a fearsome visage.
The smoke demon is unaffected.
The glowing orange brain looks frightened!
The tentacled starspawn is unaffected.
The glowing orange brain blinks!
You feel very mighty all of a sudden.
You hear a horrible gurgling sound!
You hear a bark!
The tentacled starspawn bites you.
* * * LOW HITPOINT WARNING * * *
You feel more protected from physical attacks.
The tentacled starspawn engulfs you!
* * * LOW HITPOINT WARNING * * *
You completely miss the tentacled starspawn.
You hear a roar!
The tentacled starspawn bites you but does no damage.
The tentacled starspawn engulfs you but does no damage.
You sock the tentacled starspawn!
Lightning courses through the tentacled starspawn!
The tentacled starspawn is moderately damaged.
The tentacled starspawn bites you!!
You die...

.. #.#
#.. #
.. #
#.##
..
3☼.#
○○
##X§#
│#♣#
##
##.†##
.
#.###
# #
##...
. #
##. .
.... ≈
≈ 2 ≈
. #
.#≈ ≈.
. .∩ 3
φ h 8
. . ≈
≈. h .


You could see a tentacled starspawn and a smoke demon.

Vanquished Creatures
  Frances (Lair:2)
  Gastronok (D:11)
  Kirke (D:12)
  Donald (Snake:2)
  A nagaraja (Snake:2)
  2 orc warlords
  2 deep elf sorcerers (Elf:1)
  An ironheart preserver (D:13)
  A stone giant (Volcano)
  Nessos (D:14)
  A deep elf annihilator (Elf:1)
  Azrael (Snake:3)
  3 blizzard demons
  A fire dragon (Lair:4)
  2 merfolk impalers
  Josephine (D:14)
  A great orb of eyes (Abyss:3)
  A yaktaur captain (D:15)
  Erolcha (D:9)
  6 hydras
  5 naga warriors
  2 rakshasas
  The ghost of Bombadil the Geomancer, a journeyman GrEE of Vehumet (Lair:2)
  A merfolk avatar (Shoals:1)
  2 two-headed ogres
  3 catoblepae (Lair:6)
  12 anacondas
  A hell hog (Abyss:5)
  Erica (D:9)
  3 centaur warriors
  A merfolk aquamancer (Shoals:1)
  A satyr (Shoals:2)
  10 dancing weapons
  2 tengu warriors
  2 orc high priests (Orc:2)
  An ogre mage (D:15)
  A thrashing horror (Abyss:5)
  Urug (D:11)
  8 death yaks (Lair:6)
  2 shock serpents
  4 naga sharpshooters
  12 deep elf knights
  2 sixfirhies (Abyss:5)
  2 salamander mystics
  14 skeletal warriors
  3 unseen horrors
  4 deep elf archers
  4 sea snakes
  2 naga ritualists
  2 orc knights
  A lindwurm (Lair:1)
  43 deep elf magi
  5 mana vipers
  11 ugly things
  13 fauns
  An oklob plant (D:11)
  8 harpies (Shoals:1)
  3 orc sorcerers
  6 manticores
  2 moths of wrath (Lair:2)
  7 salamanders
  4 cyclopes
  7 merfolk sirens
  2 guardian serpents
  2 molten gargoyles (Volcano)
  18 black mambas
  6 naga magi
  3 centaur skeletons
  3 smoke demons
  4 gargoyles
  9 spiny frogs
  14 rime drakes
  A kobold demonologist (D:15)
  2 efreet
  A freezing wraith (Abyss:2)
  An anaconda simulacrum (Abyss:5)
  3 yaktaurs (D:15)
  A demonic crawler (Abyss:5)
  7 komodo dragons
  3 tengu conjurers
  3 trolls
  A harpy zombie (D:12)
  A meliai (shapeshifter) (D:14)
  A queen bee (D:8)
  2 wind drakes (Shoals:1)
  4 merfolk (Shoals:1)
  4 slime creatures
  3 polar bears
  27 blink frogs
  A dream sheep (Shoals:2)
  A raiju (Abyss:5)
  2 hornets
  8 hippogriffs
  A snapping turtle (Shoals:1)
  A shadow (D:15)
  A small abomination (Abyss:3)
  7 water elementals
  2 vampires
  2 air elementals
  A basilisk (D:14)
  7 wraiths
  A hog (D:12)
  A chaos spawn (Abyss:5)
  47 yaks
  5 fire elementals
  5 fire bats (Volcano)
  6 wyverns
  3 hungry ghosts
  13 nagas
  10 steam dragons
  Edmund (D:6)
  6 wargs
  2 soldier ants
  2 hell hounds (Snake:3)
  18 water moccasins
  9 porcupines
  40 orc warriors
  A black bear (Lair:3)
  An eye of draining (D:15)
  A black bear (shapeshifter) (Elf:1)
  2 sky beasts
  6 ice beasts
  A phantom (D:10)
  8 wolves
  17 ogres
  4 centaurs
  6 crocodiles
  A big kobold (D:11)
  21 bullfrogs
  2 gnoll sergeants
  An earth elemental (Elf:1)
  A wyvern skeleton (D:14)
  7 scorpions
  3 wights (D:15)
  15 killer bees (D:8)
  7 howler monkeys
  3 electric eels (D:12)
  5 lava snakes (Volcano)
  6 crimson imps
  7 hounds
  A bullfrog zombie (D:10)
  3 centaur zombies
  Crazy Yiuf (D:7)
  A gnoll shaman (D:10)
  18 orc priests
  5 jellies
  3 bullfrog skeletons
  40 orc wizards
  3 iguanas
  7 worker ants
  A hound skeleton (D:9)
  2 worker ant zombies
  13 gnolls
  A howler monkey skeleton (D:9)
  9 adders
  A shadow imp (D:6)
  An ufetubus (Abyss:3)
  2 oozes
  An adder zombie (D:8)
  2 worms
  2 dart slugs
  7 leopard geckos
  137 orcs
  2 ball pythons
  2 giant cockroaches (D:1)
  7 goblins
  7 hobgoblins
  22 jackals
  13 kobolds
  6 quokkas
  A ball python zombie (D:5)
  8 bats
  3 frilled lizards
  A leopard gecko skeleton (D:4)
  A leopard gecko zombie (D:5)
  A quokka skeleton (D:7)
  2 quokka zombies (D:5)
  5 rats
  2 butterflies
  4 plants
  8 spectral weapons
1061 creatures vanquished.

Vanquished Creatures (others)
  A shock serpent (Snake:2)
  A large abomination (Abyss:5)
  A cyclops (D:12)
  A smoke demon (Abyss:5)
  A raiju (Abyss:5)
  A water elemental (Abyss:5)
  3 humans (D:12)
  A naga (Snake:2)
  A centaur (Shoals:1)
  A bullfrog (D:15)
  A small abomination (Abyss:5)
  A bullfrog zombie (D:12)
  A shadow imp (D:15)
  2 orcs (D:12)
  A bush (Lair:4)
  4 fungi
  A lurking horror (Abyss:5)
  9 plants
  7 spectral weapons
  2 starspawn tentacles (Abyss:5)
  9 tentacles (Shoals:1)
50 creatures vanquished.

Grand Total: 1111 creatures vanquished

Notes
Turn   | Place    | Note
-------+----------+-------------------------------------------
     0 | D:1      | Quickbrownfox the Draconian Skald began the quest for the
                  | Orb.
     0 | D:1      | Reached XP level 1. HP: 17/17 MP: 3/3
   293 | D:1      | Reached XP level 2. HP: 20/24 MP: 3/5
   304 | D:1      | Learned a level 2 spell: Song of Slaying
   638 | D:2      | Reached XP level 3. HP: 30/30 MP: 6/6
   642 | D:2      | Learned a level 2 spell: Shroud of Golubria
   738 | D:2      | Found a shimmering altar of Xom.
  1611 | D:3      | Reached XP level 4. HP: 24/37 MP: 0/7
  1739 | D:3      | Found a hide-covered altar of Uskayaw.
  1748 | D:3      | Found an iron altar of Okawaru.
  1771 | D:3      | Found a bloodstained altar of Trog.
  2056 | D:4      | Noticed an ogre
  2071 | D:4      | Killed an ogre
  2071 | D:4      | Reached XP level 5. HP: 15/44 MP: 4/8
  2693 | D:4      | Reached XP level 6. HP: 41/52 MP: 9/9
  2731 | D:4      | Found a glowing silver altar of Zin.
  3057 | D:5      | Entered Level 5 of the Dungeon
  3329 | D:5      | Found a stormy altar of Qazlal.
  3343 | D:5      | Noticed an ice beast
  3362 | D:5      | Your scales start taking on a rich purple colour.
  3362 | D:5      | Reached XP level 7. HP: 24/59 MP: 11/11
  3365 | D:5      | Reached skill level 5 in Axes
  3578 | D:5      | Reached skill level 1 in Stealth
  4029 | D:6      | Noticed Edmund
  4054 | D:6      | Killed Edmund
  4054 | D:6      | Reached XP level 8. HP: 34/67 MP: 9/13
  4349 | D:6      | Found a staircase to the Ecumenical Temple.
  4358 | Temple   | Entered the Ecumenical Temple
  4440 | Temple   | Became a worshipper of Qazlal Stormbringer
  5251 | D:7      | Reached skill level 5 in Fighting
  5256 | D:7      | Reached skill level 5 in Dodging
  5281 | D:7      | Found Toul's Jewellery Emporium.
  5449 | D:7      | Reached * piety under Qazlal
  5449 | D:7      | Reached skill level 1 in Evocations
  5521 | D:7      | Found Zaomocw's Armour Boutique.
  5529 | D:7      | Bought a +0 pair of gloves for 54 gold pieces
  5551 | D:7      | Found Jougrelo's Gadget Boutique.
  5589 | D:7      | Found Agamian's Magic Scroll Boutique.
  5597 | D:7      | Bought a scroll of random uselessness for 13 gold pieces
  5597 | D:7      | Bought a scroll of identify for 26 gold pieces
  5601 | D:7      | Found Buexkap's Assorted Antiques.
  5615 | D:7      | Bought a fuming pink potion for 18 gold pieces
  5797 | D:7      | Got a twisted mace
  5798 | D:7      | Identified the +10 mace of the Reaper {elec, Int+6} (You
                  | found it on level 7 of the Dungeon)
  5804 | D:7      | Found a runed translucent door.
  5805 | D:7      | Noticed Crazy Yiuf
  5962 | D:7      | Killed Crazy Yiuf
  6103 | D:8      | Reached XP level 9. HP: 74/74 MP: 15/15
  6212 | D:8      | Reached skill level 1 in Translocations
  6311 | D:8      | Reached skill level 1 in Maces & Flails
  6351 | D:8      | Reached ** piety under Qazlal
  6351 | D:8      | Reached skill level 1 in Throwing
  6354 | D:8      | Noticed a queen bee
  6651 | D:8      | Learned a level 3 spell: Spectral Weapon
  6823 | D:8      | Reached skill level 1 in Hexes
  6943 | D:8      | Got an iridescent flail
  6944 | D:8      | Identified the +8 flail of Lies {venom, rF- rC+ Dex+6} (You
                  | found it on level 8 of the Dungeon)
  7244 | D:9      | Found a hazy altar of Hepliaklqana.
  7294 | D:9      | Noticed Erolcha
  7303 | D:9      | Killed Erolcha
  7303 | D:9      | Reached skill level 5 in Spellcasting
  7303 | D:9      | Reached skill level 5 in Charms
  7303 | D:9      | Reached XP level 10. HP: 67/83 MP: 17/17
  7403 | D:9      | Noticed a two-headed ogre
  7406 | D:9      | Noticed Erica
  7417 | D:9      | HP: 4/83 [two-headed ogre/+0 giant spiked club (26)]
  8058 | D:9      | Killed Erica
  8058 | D:9      | Reached skill level 5 in Maces & Flails
  8128 | D:9      | Killed a two-headed ogre
  8418 | D:10     | Entered Level 10 of the Dungeon
  8571 | D:10     | Reached *** piety under Qazlal
  8577 | D:10     | HP: 2/84 [orc warrior/+0 war axe (13)]
  8598 | D:10     | Learned a level 3 spell: Regeneration
  8721 | D:10     | Noticed a two-headed ogre
  8738 | D:10     | Killed a two-headed ogre
  8738 | D:10     | Reached XP level 11. HP: 32/92 MP: 19/20
  9378 | D:10     | Identified 2 scrolls of acquirement
  9442 | D:11     | Noticed a seven-headed hydra
  9508 | D:11     | Noticed an oklob plant
  9510 | D:11     | Found a staircase to the Lair.
  9657 | D:11     | Reached **** piety under Qazlal
  9685 | D:11     | Noticed Urug
  9693 | D:11     | Killed Urug
  9711 | D:11     | Found a staircase to the Orcish Mines.
  9752 | D:11     | Killed a seven-headed hydra
  9778 | D:11     | Noticed a tengu warrior
  9800 | D:11     | Killed a tengu warrior
  9871 | D:11     | Reached skill level 1 in Necromancy
 10083 | D:11     | Killed an unseen horror
 10351 | D:11     | Noticed Gastronok
 10373 | D:11     | Killed Gastronok
 10373 | D:11     | Reached skill level 1 in Shields
 10865 | D:11     | Found a portal to a secret trove of treasure.
 10883 | D:11     | Learned a level 2 spell: Throw Flame
 11141 | D:12     | Noticed Kirke
 11149 | D:12     | Noticed a harpy
 11149 | D:12     | Noticed a harpy
 11160 | D:12     | Noticed a harpy
 11160 | D:12     | Noticed a harpy
 11161 | D:12     | Killed Kirke
 11161 | D:12     | Reached skill level 1 in Fire Magic
 11161 | D:12     | Reached XP level 12. HP: 62/101 MP: 22/22
 11942 | Orc:1    | Entered Level 1 of the Orcish Mines
 12038 | Orc:1    | Noticed an orc warlord
 12710 | D:12     | Noticed a four-headed hydra
 12735 | D:12     | Killed a four-headed hydra
 12837 | D:12     | Reached ***** piety under Qazlal
 12896 | D:12     | Reached skill level 5 in Shields
 13005 | D:12     | Reached skill level 1 in Conjurations
 13227 | D:12     | Identified the Compendium of Confrontation
 13425 | D:12     | Learned a level 3 spell: Static Discharge
 14075 | D:13     | Noticed an ironheart preserver
 14076 | D:13     | Found a gate to the Vaults.
 14112 | D:13     | Killed an ironheart preserver
 14112 | D:13     | Reached XP level 13. HP: 108/108 MP: 24/25
 14279 | D:13     | Reached skill level 1 in Invocations
 15053 | D:14     | Noticed Josephine
 15682 | Lair:1   | Entered Level 1 of the Lair of Beasts
 15830 | Lair:1   | Found a dark tunnel.
 15843 | Volcano  | Entered a volcano
 16010 | Volcano  | Found a burning altar of Makhleb.
 16039 | Volcano  | Noticed a stone giant
 16066 | Volcano  | HP: 1/108 [stone giant (12)]
 16081 | Volcano  | Killed a stone giant
 16830 | Lair:1   | Reached skill level 10 in Maces & Flails
 17194 | Lair:2   | Found a staircase to the Shoals.
 17435 | Lair:2   | Found a transporter.
 17448 | Lair:2   | Noticed Bombadil's ghost (journeyman GrEE)
 17459 | Lair:2   | Found a transporter.
 17476 | Lair:2   | Reached ****** piety under Qazlal
 18907 | Lair:4   | Reached XP level 14. HP: 116/116 MP: 27/27
 18931 | Lair:4   | Reached skill level 5 in Conjurations
 19181 | Lair:4   | Found a staircase to the Snake Pit.
 19322 | Lair:4   | Reached skill level 5 in Invocations
 20041 | Lair:5   | Found a staircase to the Slime Pits.
 20501 | Lair:6   | Entered Level 6 of the Lair of Beasts
 21040 | Lair:6   | Learned a level 4 spell: Iskenderun's Mystic Blast
 21254 | Lair:6   | Reached skill level 10 in Dodging
 21848 | Lair:6   | Found the amulet of Vitality {Regen+ HP+15}
 22509 | D:11     | Killed an orc warlord
 22509 | D:11     | Reached XP level 15. HP: 94/125 MP: 28/28
 23069 | Orc:2    | Entered Level 2 of the Orcish Mines
 23188 | Orc:2    | Noticed an orc warlord
 23212 | Orc:2    | Gained mutation: Your spells are a little easier to cast,
                  | but a little less powerful. [a neqoxec]
 23215 | Orc:2    | Gained mutation: You tend to lose your temper in combat. [a
                  | neqoxec]
 23403 | Orc:1    | Killed an orc warlord
 23607 | Orc:2    | Found a staircase to the Elven Halls.
 23691 | Orc:2    | Found Dapyvvaj's Antique Armour Shop.
 23692 | Orc:2    | Found a roughly hewn altar of Beogh.
 23693 | Orc:2    | Found Visusko's Antique Weapon Boutique.
 23740 | Orc:2    | Found a roughly hewn altar of Beogh.
 23744 | Orc:2    | Found a roughly hewn altar of Beogh.
 23895 | Orc:2    | Found a roughly hewn altar of Beogh.
 23908 | Orc:2    | Found Ryjiesh's Distillery.
 23915 | Orc:2    | Bought a potion of curing for 39 gold pieces
 23915 | Orc:2    | Bought a potion of curing for 39 gold pieces
 23915 | Orc:2    | Bought a potion of heal wounds for 65 gold pieces
 23915 | Orc:2    | Bought a potion of heal wounds for 65 gold pieces
 23915 | Orc:2    | Bought a potion of experience for 650 gold pieces
 23915 | Orc:2    | Reached XP level 16. HP: 134/134 MP: 29/29
 23983 | Orc:2    | Found a roughly hewn altar of Beogh.
 23984 | Orc:2    | Found Viysy's Assorted Antiques.
 24069 | Orc:2    | Found a roughly hewn altar of Beogh.
 24287 | D:7      | Bought the ring of Sin {rPois rF+ MR- MP+9} for 442 gold
                  | pieces
 24314 | D:7      | Bought a thick leatherbound book for 315 gold pieces
 24314 | D:7      | Bought a potion of curing for 63 gold pieces
 24314 | D:7      | Bought a potion of curing for 63 gold pieces
 24320 | D:7      | Learned a level 5 spell: Fireball
 24632 | Snake:1  | Entered Level 1 of the Snake Pit
 24660 | Snake:1  | Reached skill level 10 in Fighting
 24777 | Snake:1  | Reached skill level 10 in Axes
 24907 | Snake:1  | Found a hazy altar of Hepliaklqana.
 24926 | Snake:1  | Reached skill level 10 in Shields
 25185 | Snake:2  | Found a glowing silver altar of Zin.
 25615 | Snake:2  | Reached skill level 5 in Fire Magic
 25935 | Snake:2  | Identified Sif Muna's Handbook of Venom and Transmutation
 26081 | Snake:3  | Noticed Donald
 26085 | Snake:3  | Noticed Azrael
 26091 | Snake:3  | Reached skill level 10 in Spellcasting
 26139 | Snake:2  | Killed Donald
 26727 | D:14     | Killed Josephine
 26903 | D:14     | Noticed Roxanne
 27017 | D:14     | Found a glowing golden altar of the Shining One.
 27196 | D:14     | Reached skill level 10 in Charms
 27529 | D:15     | Entered Level 15 of the Dungeon
 27564 | D:15     | Reached XP level 17. HP: 132/141 MP: 31/31
 27593 | D:15     | Noticed Nessos
 27623 | D:14     | Killed Nessos
 28769 | D:15     | Found a staircase to the Depths.
 29276 | Depths:1 | Entered Level 1 of the Depths
 29739 | Elf:1    | Entered Level 1 of the Elven Halls
 29961 | Elf:1    | Found a radiant altar of Vehumet.
 30802 | D:11     | Lost mutation: Your spells are a little easier to cast, but
                  | a little less powerful. [potion of mutation]
 30802 | D:11     | Lost mutation: You tend to lose your temper in combat.
                  | [potion of mutation]
 30802 | D:11     | Gained mutation: You expend magic power (3 MP) to
                  | strengthen your wands. [potion of mutation]
 30802 | D:11     | Gained mutation: You are agile. (Dex +2) [potion of
                  | mutation]
 31245 | Snake:3  | Killed Azrael
 31504 | Snake:3  | Noticed Mara
 31560 | Snake:2  | Noticed Quickbrownfox's illusion
 32034 | Lair:2   | Killed Bombadil's ghost
 32043 | Lair:2   | Got a distressingly furry hat
 32074 | Lair:2   | Identified the cursed +0 hat of Ryurasui {Str+3} (You found
                  | it on level 2 of the Lair of Beasts)
 32117 | Shoals:1 | Entered Level 1 of the Shoals
 32126 | Shoals:1 | Noticed Frances
 32203 | Lair:2   | Killed Frances
 33395 | Shoals:1 | Noticed a kraken
 33462 | Shoals:1 | Reached XP level 18. HP: 150/151 MP: 32/32
 33586 | Shoals:1 | Got an iridescent falchion
 33590 | Shoals:1 | Identified the cursed +1 falchion "Goiqonis" {pain, rF+
                  | Dex-5 Stlth+} (You found it on level 1 of the Shoals)
 33602 | Shoals:2 | Noticed Louise
 33670 | Shoals:2 | Noticed Ilsuiw
 34410 | Elf:1    | Learned a level 4 spell: Force Lance
 34560 | Elf:1    | You fall into a shaft and drop 1 floor!
 34897 | Elf:1    | Identified Buwuyts's Tome of Conjuration
 36270 | Elf:2    | Found a huge runed translucent gate.
 36270 | Elf:2    | Found a huge runed translucent gate.
 36270 | Elf:2    | Found a huge runed translucent gate.
 36270 | Elf:2    | Found a huge runed translucent gate.
 36272 | Elf:2    | Found a huge runed translucent gate.
 36306 | Elf:2    | Cast into level 2 of the Abyss (+2 halberd of distortion)
 36306 | Abyss:2  | Found a corrupted altar of Lugonu.
 36332 | Abyss:2  | Found a roughly hewn altar of Beogh.
 36355 | Abyss:2  | Found a corrupted altar of Lugonu.
 36385 | Abyss:2  | Found a corrupted altar of Lugonu.
 36408 | Abyss:2  | Noticed a lich
 36487 | Abyss:3  | Paralysed by a great orb of eyes for 2 turns
 36533 | Abyss:4  | Gained mutation: You have large cloven feet. [a neqoxec]
 36542 | Abyss:5  | Entered Level 5 of the Abyss
 36650 | Abyss:5  | Noticed a lich
 36663 | Abyss:5  | Gained mutation: You are frail. (-10% HP) [a neqoxec]
 36663 | Abyss:5  | Paralysed by a lich for 3 turns
 36664 | Abyss:5  | Gained mutation: You are very frail. (-20% HP) [a neqoxec]
 36668 | Abyss:5  | Gained mutation: Your natural rate of healing is unusually
                  | fast. [a neqoxec]
 36793 | Abyss:5  | HP: 10/202 [smoke demon/divine providence (15)]
 36807 | Abyss:5  | HP: 7/202 [smoke demon/divine providence (12)]
 36812 | Abyss:5  | Mangled by a tentacled starspawn

Levels and vault maps discovered:
D:1:      dpeg_arrival_pond, layout_rooms
D:2:      layout_loops_ring, old_standard_altar
D:3:      cheibrodos_helix_gallery, layout_basic, nicolae_overflow_hidden_temple
D:4:      layout_loops_ring, old_standard_altar, first_ration,
          minmay_misc_feat_chi
D:5:      layout_cave_pods, kennysheep_another_room,
          nicolae_qazlal_general_emergency
D:6:      layout_gridville, minmay_temple_entry_sparse_star, uniq_edmund
D:7:      layout_cave_pools, serial_shops, nicolae_shop_statue_plus, shop, shop,
          shop, shop, uniq_crazy_yiuf_cottage
D:8:      layout_basic, david_nohive_1
D:9:      layout_basic, basic_altar, kennysheep_generic_room_12, uniq_erica,
          uniq_erolcha
D:10:     layout_roguey
D:11:     layout_basic, dpeg_oklobed_lair, hiddenorc2_lemuel,
          nicolae_trove_entry_diagonal, chequers_serial_rivers_marsh,
          uniq_gastronok, uniq_urug
D:12:     statuecave_lemuel, layout_basic, serial_glass, glass_columns_a,
          glass_columns_a, eino_tiny_chamber, uniq_kirke
D:13:     layout_irregular_city, skrybe_vaults_entry_preservation
D:14:     layout_long_grid, minmay_misc_feat_rugged, special_room
          [special_room_orc], drop_trap, tso_altar, uniq_roxanne, uniq_josephine
D:15:     grunt_enter_depths_snipers, layout_loops_ring, serial_park_square3
          [serial_park_minivault_5x5_5], minivault_27, uniq_nessos
Temple:   minmay_crystal_spiral_temple
Lair:1:   layout_cave_pods, nicolae_volcano_entry_vermiform, grunt_megastairs_5,
          lemuel_fruit_tree
Lair:2:   layout_regular_city, minmay_shoals_entry_beasts,
          gammafunk_ghost_berserking_beasts, beast_lair_carwin_7,
          lemuel_fruit_fields
Lair:3:   layout_regular_city
Lair:4:   layout_roguey, guppyfry_snake_entry_island, bobbens_dragon_lair_wall,
          infiniplex_staircase_pool_2, minmay_lair_oklob_chamber,
          lemuel_fruit_fields
Lair:5:   layout_loops_ring, minmay_slime_entry_pillars,
          cheibrodos_lair_reptile_den
Lair:6:   evilmike_catoblepas_cave, layout_gridlike, serial_rivers,
          chequers_serial_rivers_room_b, chequers_serial_rivers_marsh,
          chequers_serial_rivers_micro_b, chequers_serial_rivers_room_b,
          chequers_serial_rivers_small_a
Shoals:1: layout_shoals, uniq_frances
Shoals:2: layout_shoals, nicolae_shoals_hunting_party, uniq_ilsuiw, uniq_louise
Snake:1:  layout_onion_interference, basic_altar
Snake:2:  layout_misc_corridors, basic_altar, grunt_megastairs_2
Snake:3:  layout_onion_interference, uniq_azrael, uniq_donald, uniq_mara
Orc:1:    layout_diamond_mine
Orc:2:    grunt_orc_community_town_hall, layout_caves,
          grunt_orc_community_big_house_2, grunt_orc_community_big_house_1,
          grunt_orc_community_house_1, grunt_orc_community_house_3,
          grunt_orc_community_house_1, grunt_orc_community_house_2, mines2_david
Elf:1:    eino_elf_arrival_altar, layout_loops_corners, serial_glass,
          glass_columns_b, glass_columns_a, glass_columns_a, feat_on_display,
          due_unseen_surprise, item_on_display_a, minmay_elf_annihilation
Elf:2:    layout_geoelf_diagonals
Depths:1: layout_basic, hell_entry, grunt_pan_entry_zigzag, mu_enter_wizlab_2,
          serial_corexii_hall, corexii_hall_statues_i,
          chequers_hall_statues_corner_a, chequers_hall_statues_wall_a,
          minmay_holes, st_stairs_14, kennysheep_big_empty_room,
          hangedman_glass_teeth, hangedman_devilish_allure
Abyss:5:  evilmike_abyss_exit_13, hangedman_abyss_town,
          grunt_abyss_rune_wretched_hive, evilmike_abyss_exit_14,
          hangedman_abyss_town, doesnt_abyss_rune_brain_food,
          evilmike_abyss_exit_7, hangedman_abyss_sting,
          evilmike_nicolae_abyss_rune_containment_curve,
          nicolae_abyss_rune_left_handed, hangedman_steaming_rock,
          hangedman_abyss_river_spirits,
          evilmike_nicolae_abyss_rune_betentacled_crabyss, bh_abyss_exit_spiral,
          hangedman_classic_abyss_death,
          dshaligram_kb_abyss_rune_zappy_water_cross

Skill      XL: |  1  2  3  4  5  6  7  8  9 10 11 12 13 14 15 16 17 18 |
---------------+-------------------------------------------------------+-----
Charms         | 3 4 5 6 8 9 10 11 | 11.4
Axes           | 3 4 6 8 9 11 | 11.7
Dodging        | 3 4 5 6 7 8 9 10 11 | 11.8
Fighting       | 4 5 6 7 8 9 10 11 | 11.5
Spellcasting   | 3 4 5 6 7 8 9 10 11 | 11.4
Stealth        | 1 3 4 |  4.6
Evocations     | 1 2 3 |  3.9
Translocations | 1 2 3 4 |  4.8
Maces & Flails | 4 6 8 9 10 11 12 | 12.7
Throwing       | 1 2 3 4 |  4.1
Hexes          | 1 2 3 |  3.4
Necromancy     | 1 2 3 |  3.5
Shields        | 2 5 7 8 9 10 11 12 | 12.6
Fire Magic     | 1 2 3 5 7 |  7.9
Conjurations   | 2 4 6 |  6.1
Invocations    | 4 5 6 |  6.0
Air Magic      | |  0.9

Action                   |  1- 3 |  4- 6 |  7- 9 | 10-12 | 13-15 | 16-18 || total
-------------------------+-------+-------+-------+-------+-------+-------++-------
Melee: Hand axe          |   154 |   141 |       |       |       |       ||   295
       Tailslap          |    17 |    16 |    29 |    44 |   120 |   218 ||   444
       War axe           |       |    24 |   167 |       |       |       ||   191
       Mace              |       |       |   107 |   475 |   721 |   874 ||  2177
       Broad axe         |       |       |       |    10 |   230 |   457 ||   697
Throw: Javelin           |       |     1 |    11 |    16 |    15 |       ||    43
       Boomerang         |       |       |       |       |    50 |    47 ||    97
 Cast: Infusion          |     6 |     4 |    12 |    23 |    44 |    49 ||   138
       Song of Slaying   |     3 |     2 |     2 |     6 |    26 |    38 ||    77
       Shroud of Golubri |       |     3 |    12 |    33 |    39 |    52 ||   139
       Spectral Weapon   |       |       |     1 |     8 |    14 |     2 ||    25
       Regeneration      |       |       |       |    15 |    25 |    46 ||    86
       Throw Flame       |       |       |       |     1 |     1 |     1 ||     3
       Fireball          |       |       |       |       |       |     2 ||     2
       Iskenderun's Myst |       |       |       |       |       |     1 ||     1
Invok: Disaster Area     |       |       |       |       |       |     1 ||     1
 Abil: Evoke Flight      |       |       |       |     1 |     2 |       ||     3
Evoke: Wand              |       |     7 |     4 |    17 |     7 |    46 ||    81
       Lamp of fire      |       |       |       |       |       |     1 ||     1
  Use: Scroll            |     7 |     4 |     6 |    14 |     8 |    18 ||    57
       Potion            |       |       |     5 |     6 |     5 |    21 ||    37
 Stab: Sleeping          |       |     1 |     1 |       |       |       ||     2
       Paralysed         |       |       |     1 |       |       |     3 ||     4
       Distracted        |       |       |     1 |       |       |     1 ||     2
       Confused          |       |       |       |     1 |       |       ||     1
       Invisible         |       |       |       |       |       |     5 ||     5
       Held in net/web   |       |       |       |       |       |     2 ||     2
  Eat: Chunk             |     3 |     3 |    11 |    24 |    23 |    15 ||    79
       Ration            |       |     1 |     1 |     1 |     3 |     9 ||    15
Armor: Skin              |    63 |    34 |    94 |   112 |   107 |   273 ||   683
Dodge: Dodged            |   122 |   118 |   222 |   345 |   383 |   809 ||  1999
       Deflected         |       |       |       |     5 |    16 |    75 ||    96
Block: Other             |       |       |     9 |    70 |       |       ||    79
       Shield            |       |       |       |   105 |   855 |  1540 ||  2500
       Reflection        |       |       |       |       |     5 |       ||     5
